 Dungeon Crawl Stone Soup version 0.22-a0-305-gd21a89c (webtiles) character file.

70 tidbits the Sneak (level 4, 7/38 HPs)
             Began as a Gnoll Assassin on Mar 29, 2018.
             Quit the game on level 3 of the Dungeon.
             The game lasted 00:03:03 (358 turns).

tidbits the Sneak (Gnoll Assassin)                   Turns: 358, Time: 00:03:03

Health: 7/38       AC:  3    Str: 13    XL:     4   Next: 21%
Magic:  5/5        EV: 13    Int: 15    God:
Gold:   41         SH:  0    Dex: 16    Spells: 5/5 levels left

rFire    . . .     SeeInvis .   a - +2 dagger
rCold    . . .     Gourm    .   (no shield)
rNeg     . . .     Faith    .   c - +0 robe
rPois    .         Spirit   .   (no helmet)
rElec    .         Reflect  .   d - +0 cloak
rCorr    .         Harm     .   (no gloves)
MR       .....                  (no boots)
Stlth    ++++......             (no amulet)
HPRegen  0.12/turn              (no ring)
MPRegen  0.09/turn              (no ring)

@: seriously poisoned (7 -> 2)
A: distributed training, fangs 1, strong nose
a: no special abilities


You were on level 3 of the Dungeon.
You were not hungry.

You visited 1 branch of the dungeon, and saw 3 of its levels.

You collected 41 gold pieces.

Inventory:

Hand Weapons
 a - a +2 dagger (weapon)
 g - a +0 blowgun
 l - a +0 short sword
Missiles
 e - 14 poisoned needles
 f - a curare-tipped needle
 h - 4 tomahawks (quivered)
 k - 56 arrows
 m - 4 stones
Armour
 c - a +0 robe (worn)
 d - a +0 cloak (worn)
Scrolls
 i - 2 scrolls of identify {unknown}
 j - a scroll of fear {unknown}
 o - a scroll of immolation {unknown}
Comestibles
 b - 2 rations


   Skills:
 + Level 4.6 Fighting
 + Level 4.6 Short Blades
 + Level 1.0 Long Blades
 + Level 1.0 Axes
 + Level 1.0 Maces & Flails
 + Level 1.0 Polearms
 + Level 1.0 Staves
 + Level 1.0 Slings
 + Level 1.0 Bows
 + Level 1.0 Crossbows
 + Level 4.6 Throwing
 + Level 1.0 Armour
 + Level 2.7 Dodging
 + Level 7.8 Stealth
 + Level 1.0 Shields
 + Level 1.0 Unarmed Combat
 + Level 1.0 Spellcasting
 + Level 0.8 Conjurations
 + Level 0.8 Hexes
 + Level 0.8 Charms
 + Level 0.8 Summonings
 + Level 0.8 Necromancy
 + Level 0.8 Translocations
 + Level 0.8 Transmutations
 + Level 0.8 Fire Magic
 + Level 0.8 Ice Magic
 + Level 0.8 Air Magic
 + Level 0.8 Earth Magic
 + Level 0.8 Poison Magic
 + Level 1.1 Invocations
 + Level 1.0 Evocations


You had 5 spell levels left.
You didn't know any spells.

Dungeon Overview and Level Annotations

Branches:
Dungeon (3/15)

Altars:
Okawaru


Innate Abilities, Weirdness & Mutations

Your experience applies equally to all skills.
You have very sharp teeth.
Your uncanny sense of smell can sniff out nearby items.


Message History

You see here 9 gold pieces.
You now have 31 gold pieces (gained 9).
You see here a scroll labeled TIRICW QA ILO.
i - 2 scrolls labeled TIRICW QA ILO (gained 1)
There is a stone staircase leading up here.
You climb upwards.
There is a stone staircase leading down here.
Unknown command.
You see here 8 poisoned needles.
e - 16 poisoned needles (gained 8)
You open the door.
There is an open door here.
A kobold comes into view.
Found 17 arrows.
The kobold throws a stone.
The stone misses you.
Found 10 gold pieces.
Found a scroll labeled BOHAOCI SYIZA.
The kobold hits you.
* * * LOW HITPOINT WARNING * * *
You hit the kobold.
You kill the kobold!
You see here 17 arrows.
k - 56 arrows (gained 17)
You see here a scroll labeled BOHAOCI SYIZA.
o - a scroll labeled BOHAOCI SYIZA You see here 10 gold pieces.
You now have 41 gold pieces (gained 10).
You open the door.
There is an open door here.
A kobold comes into view. It is wielding a club.
The helpless kobold fails to defend itself.
You stick the kobold like a pincushion!!!
You kill the kobold!
Found a stone staircase leading down.
There is a stone staircase leading down here.
You climb downwards.
An adder comes into view.
There is a stone staircase leading up here.
Wield which item (- for none, * to show all)? (? for menu, Esc to quit)
g - a +0 blowgun (weapon)
The adder bites you.
* * * LOW HITPOINT WARNING * * *
You are poisoned.
The adder poisons you!
Firing (i - inventory. (/) - cycle)
f - a curare-tipped needle (quivered)
Press: ? - help, Shift-Dir - straight line, f - adder
Aim: an adder You shoot a curare-tipped needle.
The curare-tipped needle misses the adder.
You feel sick. The adder closely misses you.
Firing (i - inventory. (/) - cycle)
e - 16 poisoned needles (quivered)
Press: ? - help, Shift-Dir - straight line, f/p - adder
Aim: an adder You shoot a poisoned needle.
The poisoned needle misses the adder.
The adder closely misses you.
Firing (i - inventory. (/) - cycle)
e - 15 poisoned needles (quivered)
Press: ? - help, Shift-Dir - straight line, f/p - adder
Aim: an adder You shoot a poisoned needle.
The poisoned needle completely misses the adder.
You feel sick. The adder bites you.
* * * LOW HITPOINT WARNING * * *
Firing (i - inventory. (/) - cycle)
e - 14 poisoned needles (quivered)
Press: ? - help, Shift-Dir - straight line, f/p - adder
Aim: an adder You shoot a poisoned needle.
The poisoned needle hits the adder.
The adder is poisoned.
The adder bites you.
* * * LOW HITPOINT WARNING * * *
Okay, then.
Wield which item (- for none, * to show all)? (? for menu, Esc to quit)
a - a +2 dagger (weapon)
The adder closely misses you.
You closely miss the adder. Your bite misses the adder.
The adder barely misses you.
You miss the adder.
The adder is lightly wounded.
You feel sick. The adder misses you.
You hit the adder.
The adder is moderately wounded.
The adder closely misses you.
You closely miss the adder. You bite the adder.
The adder is heavily wounded.
The adder barely misses you.
You barely miss the adder.
The adder is severely wounded.
The adder bites you but does no damage.
You closely miss the adder.
The adder is severely wounded.
You feel sick. The adder bites you.
* * * LOW HITPOINT WARNING * * *
You are more poisoned.
The adder poisons you!
You hit the adder.
You kill the adder!
You feel sick.
Things that are here:
a poisoned needle; a curare-tipped needle
f - a curare-tipped needle;
e - 14 poisoned needles (gained 1) It was a potion of magic.
Magic courses through your body.
You feel sick.
Are you sure you want to abandon this character and quit the game? (Confirm with "yes".)

∆ ########
#......# ∆
#......#
#......#
#......#####
#......#...#
#......#..@####
#.....<.......#
#############.#
#


There were no monsters in sight!

Vanquished Creatures
  A centaur zombie (D:2)
  2 adders
  An ooze (D:1)
  A worm (D:2)
  A giant cockroach (D:2)
  3 hobgoblins
  A frilled lizard (D:2)
  4 kobolds (D:2)
  2 rats
16 creatures vanquished.

Notes
Turn   | Place    | Note
-------+----------+-------------------------------------------
     0 | D:1      | tidbits the Gnoll Assassin began the quest for the Orb.
     0 | D:1      | Reached XP level 1. HP: 20/20 MP: 1/1
    40 | D:1      | Reached XP level 2. HP: 25/26 MP: 2/2
    76 | D:2      | Found an iron altar of Okawaru.
   140 | D:2      | Reached skill level 1 in Invocations
   140 | D:2      | Reached XP level 3. HP: 14/31 MP: 2/4
   258 | D:2      | Reached skill level 1 in Long Blades
   258 | D:2      | Reached skill level 1 in Axes
   258 | D:2      | Reached skill level 1 in Maces & Flails
   258 | D:2      | Reached skill level 1 in Polearms
   258 | D:2      | Reached skill level 1 in Staves
   258 | D:2      | Reached skill level 1 in Slings
   258 | D:2      | Reached skill level 1 in Bows
   258 | D:2      | Reached skill level 1 in Crossbows
   258 | D:2      | Reached skill level 1 in Armour
   258 | D:2      | Reached skill level 1 in Shields
   258 | D:2      | Reached skill level 1 in Unarmed Combat
   258 | D:2      | Reached skill level 1 in Spellcasting
   258 | D:2      | Reached skill level 1 in Evocations
   258 | D:2      | Reached XP level 4. HP: 14/38 MP: 5/5
   358 | D:3      | Quit the game

Vault maps used:
D:1:      lemuel_arrival_cross
D:2:      chequers_temple_overflow_minitemple, okawaru_metal_pillars_1_2
D:3:      nicolae_ru_awakened_eye

Skill      XL: |  1  2  3 |
---------------+----------+-----
Invocations    | 1 |  1.1
Long Blades    | 1 |  1.0
Axes           | 1 |  1.0
Maces & Flails | 1 |  1.0
Polearms       | 1 |  1.0
Staves         | 1 |  1.0
Slings         | 1 |  1.0
Bows           | 1 |  1.0
Crossbows      | 1 |  1.0
Armour         | 1 |  1.0
Shields        | 1 |  1.0
Unarmed Combat | 1 |  1.0
Spellcasting   | 1 |  1.0
Evocations     | 1 |  1.0
Fighting       | |  4.6
Short Blades   | |  4.6
Throwing       | |  4.6
Dodging        | |  2.7
Stealth        | |  7.8
Conjurations   | |  0.8
Hexes          | |  0.8
Charms         | |  0.8
Summonings     | |  0.8
Necromancy     | |  0.8
Translocations | |  0.8
Transmutations | |  0.8
Fire Magic     | |  0.8
Ice Magic      | |  0.8
Air Magic      | |  0.8
Earth Magic    | |  0.8
Poison Magic   | |  0.8

Action                   |  1- 3 |  4- 6 || total
-------------------------+-------+-------++-------
Melee: Dagger            |    43 |    11 ||    54
       Bite              |     5 |     2 ||     7
 Fire: Blowgun           |     2 |     4 ||     6
  Use: Potion            |       |     1 ||     1
 Stab: Sleeping          |     4 |     1 ||     5
Armor: Robe              |     8 |     1 ||     9
Dodge: Dodged            |    12 |     8 ||    20

Table legend:
 A = Spawn XP
 B = Non-spawn XP
 C = Spawn XP percentage of total XP
 D = Spawn monster count
 E = Non-spawn monster count
 F = Spawn count percentage of total count
 G = Total turns spent on level
                    A         B        C        D         E        F      G
               +---------+---------+-------+---------+---------+-------+---------
         Total |       0 |     100 |   0.0 |       0 |      16 |   0.0 |   358
               +---------+---------+-------+---------+---------+-------+---------
           D:1 |       0 |      10 |   0.0 |       0 |       3 |   0.0 |    58
           D:2 |       0 |      77 |   0.0 |       0 |      12 |   0.0 |   260
           D:3 |       0 |      13 |   0.0 |       0 |       1 |   0.0 |    40
               +---------+---------+-------+---------+---------+-------+---------

Table legend:
 A = Turns spent in this place as a percentage of turns spent in the entire game.
 B = Non-inter-level travel turns spent in this place as a percentage of non-inter-level travel turns spent in the entire game.
 C = Inter-level travel turns spent in this place as a percentage of turns spent in this place.
 D = Turns resting spent in this place as a percentage of non-inter-level travel turns spent in this place.
 E = Turns spent auto-exploring this place as a percentage of non-inter-level travel turns spent in this place.
 F = Non-inter-level travel turns spent in this place divided by the number of levels of this place that you've seen.
                   A       B       C       D       E      F
               +-------+-------+-------+-------+-------+----------------------
         Total | 100.0 | 100.0 |   0.0 |   0.0 |   0.0 | 119.3
       Dungeon | 100.0 | 100.0 |   0.0 |   0.0 |   0.0 | 119.3
               +-------+-------+-------+-------+-------+----------------------

Table legend:
 A = Kills in this place as a percentage of kills in entire the game.
 B = Kills by you in this place as a percentage of kills by you in the entire game.
 C = Kills by friends in this place as a percentage of kills by friends in the entire game.
 D = Other kills in this place as a percentage of other kills in the entire game.
 E = Experience gained in this place as a percentage of experience gained in the entire game.
 F = Experience gained in this place divided by the number of levels of this place that you have seen.
                   A       B       C       D       E      F
               +-------+-------+-------+-------+-------+----------------------
         Total | 100.0 | 100.0 |   N/A |   N/A | 100.0 |  33.3
       Dungeon | 100.0 | 100.0 |   N/A |   N/A | 100.0 |  33.3
               +-------+-------+-------+-------+-------+----------------------

Vault maps used:
D:1:      lemuel_arrival_cross
D:2:      chequers_temple_overflow_minitemple, okawaru_metal_pillars_1_2
D:3:      nicolae_ru_awakened_eye
